 Dungeon Crawl Stone Soup version 0.29-a0-340-g6efceafd81 (webtiles) character file.

Game seed: 4005614228209221524

250 KryptKrawler the Sneak (level 5, -18/24 HPs)
             Began as a Spriggan Enchanter on Apr 18, 2022.
             Demolished by Pikel
             ... wielding a +0 whip of electrocution
              (20 damage)
             ... on level 4 of the Dungeon on Apr 19, 2022.
             The game lasted 00:16:11 (6183 turns).

KryptKrawler the Sneak (Spriggan Enchanter)         Turns: 6183, Time: 00:16:11

Health: -18/24     AC:  4    Str:  4    XL:     5   Next: 88%
Magic:  5/11       EV: 18    Int: 17    God:
Gold:   126        SH:  0    Dex: 17    Spells: 0/11 levels left

rFire   . . .      SeeInvis +   a - +2 dagger
rCold   . . .      Faith    .   (no shield)
rNeg    . . .      Spirit   .   b - +2 robe
rPois   +          Reflect  .   (helmet restricted)
rElec   .          Harm     .   (no cloak)
rCorr   .          Rampage  .   (gloves unavailable)
Will    +....                   (boots unavailable)
Stlth   ++++......              (no amulet)
HPRegen 0.08/turn               e - ring of poison resistance
MPRegen 0.12/turn               t - ring of willpower

@: very quick
A: very small, no large weapons, unfitting armour, see invisible, speed 3
a: no special abilities


You were on level 4 of the Dungeon.
You visited 1 branch of the dungeon, and saw 4 of its levels.

You collected 126 gold pieces.

Inventory:

Hand Weapons
 a - a +2 dagger (weapon)
 i - a +2 falchion of holy wrath
Missiles
 f - 149 stones
 g - a throwing net
 m - 6 javelins
Armour
 b - a +2 robe (worn)
Jewellery
 e - a ring of poison resistance (left hand)
 t - a ring of willpower (right hand)
Scrolls
 n - 2 scrolls of identify {unknown}
 o - a scroll of blinking {unknown}
 r - a scroll of enchant weapon
 s - a scroll of fear {unknown}
Potions
 c - a potion of invisibility
 d - a potion of haste {unknown}
 h - a potion of lignification {unknown}
 j - a potion of mutation {unknown}
 k - a potion of berserk rage {unknown}
 l - a potion of heal wounds {unknown}
 p - a potion of curing {unknown}
 q - a potion of brilliance {unknown}


   Skills:
 + Level 0.1 Fighting
 + Level 3.2 Short Blades
 + Level 3.5 Dodging
 + Level 7.0 Stealth
 + Level 3.6 Spellcasting
 + Level 4.3 Hexes
 + Level 0.8 Ice Magic


You couldn't memorise any spells.
You knew the following spells:

 Your Spells              Type           Power      Damage    Failure   Level
a - Ensorcelled Hibernat  Hex/Ice        22%        N/A       9%          2
b - Tukima's Dance        Hex            17%        N/A       9%          3
c - Dazzling Flash        Conj/Hex       20%        N/A       21%         3
d - Gell's Gravitas       Tloc           3%         N/A       45%         3

Your spell library contained the following spells:

 Spells                   Type           Power      Damage    Failure   Level
 Confusing Touch          Hex            17%        N/A       9%          3
 Animate Skeleton         Necr           6%         N/A       17%         1
 Apportation              Tloc           6%         N/A       17%         1
 Pain                     Necr           12%        1d4       17%         1
 Sandblast                Erth           6%         2d5       17%         1
 Summon Small Mammal      Summ           12%        N/A       17%         1
 Passwall                 Tmut/Erth      2%         N/A       26%         2
 Stone Arrow              Conj/Erth      6%         3d7       45%         3
 Teleport Other           Tloc           3%         N/A       45%         3
 Agony                    Necr           3%         N/A       99%         5
 Excruciating Wounds      Necr           1%         N/A       99%         5
 Dispersal                Tloc           1%         N/A       100%        6


Dungeon Overview and Level Annotations

Branches:
Dungeon (4/15)
 Temple: D:4-7

Altars:

Shops:
D:1 :   D:3 [

Annotations:
D:4 Pikel


Innate Abilities, Weirdness & Mutations

You are very small and have problems with some larger weapons.
You are too small for most types of armour.
You have supernaturally acute eyesight. (SInv)
You cover ground extremely quickly. (Speed+++)


Message History

There is a stone staircase leading up here.
You climb upwards.
There is a stone staircase leading down here.
You start resting.
Magic restored.
You start resting.
HP restored.
You climb downwards.
Level annotation: Pikel
There is a stone staircase leading up here.
Aiming: Ensorcelled Hibernation (safe; 9% risk of failure)
Press: ? - help, Q - select action, (/) - cycle Shift-Dir - straight line, f - Pikel
Aim: Pikel, wielding a +0 whip of electrocution, wearing a +0 robe and carrying a wand of acid (7) (chance to affect: 45%) Pikel resists with some effort.
Aiming: Ensorcelled Hibernation (safe; 9% risk of failure)
Press: ? - help, Q - select action, (/) - cycle Shift-Dir - straight line, f/p - Pikel
Aim: Pikel, wielding a +0 whip of electrocution, wearing a +0 robe and carrying a wand of acid (7) (chance to affect: 45%) Pikel looks drowsy...
The helpless Pikel fails to defend himself.
You impale Pikel!!
Pikel is almost dead.
A lemure comes into view.
Pikel hits you with a +0 whip of electrocution.
You miss Pikel.
Pikel is almost dead.
Pikel hits you with a +0 whip of electrocution.
A lemure comes into view.
The lemure shouts!
You hit Pikel.
Pikel is almost dead.
Pikel hits you with a +0 whip of electrocution.
Aiming: Ensorcelled Hibernation (safe; 9% risk of failure)
Press: ? - help, Q - select action, (/) - cycle Shift-Dir - straight line, f - lemure, p - Pikel
Aim: a lemure (chance to affect: 45%) Pikel is unaffected.
Pikel hits you with a +0 whip of electrocution!
* * * LOW HITPOINT WARNING * * *
You are electrocuted!!
Ouch! That really hurt!
You die...

####
..#
#5#
#5#
#5#
#5#
#K#
#@#
##.#
#<.#
#.##
#.#
#.#
#.#
#.#
#.#


You could see Pikel and 4 lemures.

Vanquished Creatures
  3 jellies (D:2)
  Terence (D:2)
  3 adders
  A dart slug (D:2)
  5 orcs (D:3)
  7 ball pythons
  14 endoplasms
  3 giant cockroaches
  5 goblins
  5 hobgoblins
  6 jackals
  3 quokkas
  5 bats
  12 frilled lizards
  14 kobolds
  8 rats
95 creatures vanquished.

Vanquished Creatures (others)
  8 fungi (D:2)
  9 toadstools (D:2)
17 creatures vanquished.

Grand Total: 112 creatures vanquished

Notes
Turn   | Place    | Note
-------+----------+-------------------------------------------
     0 | D:1      | KryptKrawler the Spriggan Enchanter began the quest for the
                  | Orb.
     0 | D:1      | Reached XP level 1. HP: 9/9 MP: 5/5
   650 | D:1      | Reached XP level 2. HP: 10/13 MP: 7/7
   661 | D:1      | Learned a level 2 spell: Ensorcelled Hibernation
  1672 | D:1      | Found Joedulav's Book Shoppe.
  1954 | D:1      | Found a faded altar of an unknown god.
  2056 | D:2      | Noticed Terence
  2393 | D:2      | Killed Terence
  2394 | D:2      | Reached skill level 5 in Stealth
  2394 | D:2      | Reached XP level 3. HP: 16/16 MP: 5/8
  2856 | D:2      | Reached XP level 4. HP: 13/21 MP: 9/9
  3116 | D:2      | Learned a level 3 spell: Tukima's Dance
  3120 | D:2      | Learned a level 3 spell: Dazzling Flash
  3417 | D:2      | Reached skill level 6 in Stealth
  3877 | D:2      | Reached XP level 5. HP: 24/24 MP: 4/11
  4924 | D:3      | Learned a level 3 spell: Gell's Gravitas
  5104 | D:3      | Upgraded the game from 0.29-a0-338-g1ff7896281 to
                  | 0.29-a0-340-g6efceafd81
  5111 | D:3      | Found Gunitoc's Armour Shop.
  5135 | D:3      | Reached skill level 7 in Stealth
  6068 | D:4      | Noticed Pikel
  6068 | D:4      | Noticed a lemure
  6076 | D:4      | Noticed a lemure
  6180 | D:4      | Noticed a lemure
  6181 | D:4      | Noticed a lemure
  6183 | D:4      | Demolished by Pikel

Illustrated notes

Levels and vault maps discovered:
D:1:      shiori_shiawase, layout_rooms, serial_shops, shop,
          hellmonk_ecumenical_altar_dog_temple, st_stairs_11
D:2:      cheibrodos_fertilizer, layout_basic, minmay_lizard_pond, uniq_terence
D:3:      layout_loops_ring, serial_shops, shop_fountains,
          hangedman_feature_mirror
D:4:      layout_basic, mainiacjoe_overflow_tiny_flanked,
          minmay_temple_entry_steel_oval, uniq_pikel, uniq_grinder, uniq_edmund,
          uniq_ijyb

Skill      XL: |  1  2  3  4  5 |
---------------+----------------+-----
Spellcasting   | 3 |  3.6
Hexes          | 4 |  4.3
Stealth        | 5 6 7 |  7.0
Dodging        | 3 |  3.5
Short Blades   | 2 3 |  3.2
Fighting       | |  0.1
Ice Magic      | |  0.8

Action                   |  1- 3 |  4- 6 || total
-------------------------+-------+-------++-------
Melee: Dagger            |   115 |   181 ||   296
       Punch             |       |     2 ||     2
 Cast: Ensorcelled Hiber |     5 |    21 ||    26
       Tukima's Dance    |       |     3 ||     3
  Use: Scroll            |     6 |       ||     6
       Potion            |     1 |       ||     1
 Stab: Sleeping          |    11 |    27 ||    38
       Distracted        |       |     1 ||     1
Armor: Robe              |    15 |    19 ||    34
Dodge: Dodged            |    73 |   125 ||   198

Table legend: (Time is in decaauts)
 A = Elapsed time spent in this place.
 B = Non-inter-level travel time spent in this place.
 C = Inter-level travel time spent in this place.
 D = Time resting spent in this place.
 E = Time spent auto-exploring this place.
 F = Levels seen in this place.
 G = Mean time per level.
                   A        B        C        D        E       F      G
               +--------+--------+--------+--------+--------+-----+--------+
         Total |   5378 |   5329 |     49 |   3530 |    979 |   4 | 1344.5 |
       Dungeon |   5378 |   5329 |     49 |   3530 |    979 |   4 | 1344.5 |
               +--------+--------+--------+--------+--------+-----+--------+

Top non-repeatable levels by time:
     D:1: 2400 daAuts
     D:2: 1907 daAuts
     D:3: 1050 daAuts
     D:4: 20 daAuts
